 Dungeon Crawl Stone Soup version 0.20-a0-2-g2b0e13a (webtiles) character file.

112 HANFGEIST the Ducker (level 4, 0/37 HPs)
             Began as a Ghoul Gladiator on Oct 28, 2016.
             Slain by a sky beast (1 damage)
             ... on level 3 of the Dungeon.
             The game lasted 00:04:32 (1972 turns).

HANFGEIST the Ducker (Ghoul Gladiator)              Turns: 1972, Time: 00:04:32

Health: 0/37       AC:  9    Str: 23    XL:     4   Next: 95%
Magic:  3/3        EV: 12    Int:  3    God:
Gold:   102        SH:  0    Dex: 10    Spells: 0 memorised, 3 levels left

rFire  x . .     SeeInvis .     a - +0 war axe
rCold  + + .     Gourm    .     m - +2 ring mail {rPois}
rNeg   + + +     Faith    .     (no shield)
rPois  ∞         Spirit   .     c - +0 helmet
rElec  .         Reflect  .     (no cloak)
rCorr  .         Harm     .     j - +0 pair of gloves
MR     .....                    (no boots)
Stlth  ..........               (no amulet)
                                i - ring of flight
                                e - ring of ice

@: mighty, rotting
A: rotting body, claws 1, carnivore 3, cold resistance 1, negative energy
resistance 3, slow regeneration 1, torment resistance, unbreathing
a: Evoke Flight


You were on level 3 of the Dungeon.
You were not hungry.

You visited 1 branch of the dungeon, and saw 3 of its levels.

You collected 102 gold pieces.

Inventory:

Hand Weapons
 a - a +0 war axe (weapon)
Missiles
 k - 14 poisoned needles
Armour
 c - a +0 helmet (worn)
 j - a +0 pair of gloves (worn)
 m - a +2 ring mail of poison resistance (worn)
Jewellery
 e - a ring of ice (left hand)
 i - a ring of flight (right hand)
Scrolls
 n - a scroll of remove curse {unknown}
 o - 3 scrolls of identify {unknown}
 p - a scroll of enchant weapon {unknown}
 s - a scroll of fog {unknown}
 t - a scroll of teleportation {unknown}
 u - a scroll of noise {unknown}
Potions
 b - a potion of mutation {unknown}
 g - a potion of cure mutation {unknown}
 h - a potion of haste {unknown}
 l - a potion of curing {unknown}
 q - 2 potions of might
 x - a potion of brilliance {unknown}
 z - a potion of lignification {unknown}
 A - a potion of magic {unknown}
Comestibles
 f - 2 meat rations
 r - a royal jelly
 v - 12 chunks of flesh
 w - a slice of pizza


   Skills:
 + Level 2.8 Fighting
 - Level 3.3 Axes
 - Level 2.0 Throwing
 * Level 1.4 Armour
 + Level 3.6 Dodging


You had 3 spell levels left.
You didn't know any spells.

Dungeon Overview and Level Annotations

Branches:
Dungeon (3/15)

Altars:


Innate Abilities, Weirdness & Mutations

Your body is rotting away.
You thrive on raw meat.
You are immune to poison.
You have sharp fingernails.
You are carnivorous and can eat meat at any time.
Your flesh is cold resistant. (rC+)
You are immune to negative energy. (rN+++)
You regenerate slowly when monsters are visible.
You are immune to unholy pain and torment.
You can survive without breathing.


Message History

You barely miss something.
A sky beast appears from thin air!
Reactivating autopickup.
The sky beast closely misses you. The sky beast barely misses you.
You slash the sky beast!
The sky beast is heavily wounded.
The sky beast hits you. The sky beast shocks you.
* * * LOW HITPOINT WARNING * * *
Your ring mail prevents you from hitting the sky beast.
The sky beast is heavily wounded.
The sky beast hits you.
* * * LOW HITPOINT WARNING * * *
The sky beast shocks you.
* * * LOW HITPOINT WARNING * * *
You closely miss the sky beast.
The sky beast is heavily wounded.
The sky beast hits you but does no damage.
You closely miss the sky beast.
The sky beast is heavily wounded.
The sky beast hits you.
You die...

.(# #.# #.# #.#
#.###### #......#
#.≈....# #Y....[#
######@######
#.#....###
#........# ######
#........+
......##........#
....<......######
...........###
#####..#.....#
####..#)###.#
#####


You could see a sky beast.

Vanquished Creatures
  2 adders (D:3)
  2 oozes (D:1)
  2 worms (D:2)
  2 dart slugs (D:1)
  A leopard gecko (D:2)
  7 bats
  3 giant cockroaches
  13 hobgoblins
  7 kobolds
  4 quokkas (D:2)
  A ball python (D:3)
  4 frilled lizards
  11 goblins
  9 rats
68 creatures vanquished.

Notes
Turn   | Place    | Note
-------+----------+-------------------------------------------
     0 | D:1      | HANFGEIST the Ghoul Gladiator began the quest for the Orb.
     0 | D:1      | Reached XP level 1. HP: 17/17 MP: 0/0
    85 | D:1      | Reached XP level 2. HP: 8/23 MP: 1/1
   313 | D:1      | Reached XP level 3. HP: 17/30 MP: 2/2
  1232 | D:2      | Reached XP level 4. HP: 36/36 MP: 3/3
  1336 | D:2      | Reached skill level 1 in Armour
  1942 | D:3      | Noticed a sky beast
  1970 | D:3      | HP: 1/37 [sky beast (5)]
  1972 | D:3      | Slain by a sky beast

Vault maps used:
D:1:      dpeg_arrival_morbid_curiosity, minmay_misc_feat_room
D:3:      first_bread

Skill      XL: |  1  2  3  4 |
---------------+-------------+-----
Axes           | 3 |  3.3
Throwing       | 2 |  2.0
Dodging        | 3 |  3.6
Armour         | 1 |  1.4
Fighting       | |  2.8

Action                   |  1- 3 |  4- 6 || total
-------------------------+-------+-------++-------
Melee: War axe           |   111 |   109 ||   220
Throw: Throwing net      |     1 |     4 ||     5
  Use: Potion            |       |     1 ||     1
  Eat: Chunk             |     9 |     9 ||    18
Armor: Leather armour    |    16 |       ||    16
       Ring mail         |    20 |    62 ||    82
Dodge: Dodged            |    88 |    79 ||   167
